MLB
BALTIMORE ORIOLES @ CLEVELAND INDIANS
08/16/2045
 
TOP OF THE 1ST
Baltimore Orioles batting - Pitching for Cleveland Indians : RHP Apostolos Tsatsos
Pitching: RHP Apostolos Tsatsos
Batting: RHB Rudo Garciaparra 0-0: Called Strike
0-1: Ball
1-1: Foul Ball, location: 2F
1-2: Ball
2-2: DOUBLE (Groundball, 5L, EV 100.6 MPH)
Batting: RHB Marc Peckermark 0-0: Called Strike
0-1: Ball
Rudo Garciaparra steals 3rd base
1-1: SINGLE (Groundball, 4M, EV 100.0 MPH) (infield hit)
Rudo Garciaparra scores
Batting: RHB Saimei Kudo 0-0: Swinging Strike
0-1: Called Strike
0-2: Strikes out swinging
Batting: SHB Jason Hayes 0-0: Foul Ball, location: 2F
0-1: Ball
1-1: Ball
2-1: Fly out, F8 (Flyball, 8LS, EV 84.4 MPH)
Batting: LHB Paul Diaz 0-0: Ball
1-0: Ball
2-0: Swinging Strike
2-1: Ball
3-1: Base on Balls
Marc Peckermark to second
Batting: LHB Gabe Pace 0-0: Ball
1-0: Foul Ball, location: 2F
1-1: Foul Ball, location: 2F
1-2: DOUBLE (Line Drive, 9LM, EV 108.1 MPH)
Marc Peckermark scores
Paul Diaz to third
Runner from 3rd tries for Home, SAFE, throw by RF to home
Batting: RHB Ruben Garza 0-0: Ball
1-0: Ball
2-0: Ball
3-0: Called Strike
3-1: Fly out, F7 (Flyball, 78D, EV 96.2 MPH)
Top of the 1st over - 3 runs, 3 hits, 0 errors, 1 left on base; Baltimore 3 - Cleveland 0
BOTTOM OF THE 1ST
Cleveland Indians batting - Pitching for Baltimore Orioles : RHP Gavin Nelson
Pitching: RHP Gavin Nelson
Batting: LHB Arvin Dungca 0-0: Ball
1-0: Ball
2-0: Ball
3-0: Base on Balls
Batting: LHB Hector Pedroso 0-0: Called Strike
0-1: Foul Ball, location: 2F
0-2: Ball
1-2: Foul Ball, location: 2F
1-2: 2-RUN HOME RUN (Flyball, 89XD, EV 102.5 MPH), Distance : 396 ft
Batting: LHB Danny Dunham 0-0: Ball
1-0: Foul Ball, location: 2F
1-1: Swinging Strike
1-2: Fly out, F3 (Line Drive, 3, EV 66.2 MPH)
Batting: RHB Shigem Kubo 0-0: Ball
1-0: Ball
2-0: SINGLE (Line Drive, 4MD, EV 95.0 MPH)
Batting: LHB Kyle Schaible 0-0: Ball
1-0: Ball
2-0: Swinging Strike
2-1: Ball
3-1: Base on Balls
Shigem Kubo to second
Batting: RHB Ji-an Li 0-0: Fly out, F8 (Flyball, 89M, EV 94.4 MPH)
Batting: RHB Doug Hammertime 0-0: Foul Ball, location: 2F
0-1: Ball
1-1: SINGLE (Line Drive, 4D, EV 98.8 MPH)
Shigem Kubo to third
Kyle Schaible to second
Runner from 3rd tries for Home, throw by RF and OUT! 9-2
Bottom of the 1st over - 2 runs, 3 hits, 0 errors, 2 left on base; Baltimore 3 - Cleveland 2
TOP OF THE 2ND
Baltimore Orioles batting - Pitching for Cleveland Indians : RHP Apostolos Tsatsos
Batting: RHB Darwin Mills 0-0: Foul Ball, location: 2F
0-1: Called Strike
0-2: Strikes out swinging
Batting: RHB Orlando Melchor 0-0: Called Strike
0-1: Ball
1-1: Ball
2-1: Called Strike
2-2: Foul Ball, location: 2F
2-2: DOUBLE (Line Drive, 8LD, EV 104.4 MPH)
Batting: RHB Rudo Garciaparra 0-0: SINGLE (Line Drive, 9S, EV 93.1 MPH)
Orlando Melchor to third
Runner from 3rd tries for Home, SAFE, throw by RF to home
Batting: RHB Marc Peckermark 0-0: Ball
1-0: SINGLE (Groundball, 56D, EV 98.8 MPH)
Rudo Garciaparra to second
Batting: RHB Saimei Kudo 0-0: Fly out, F9 (Flyball, 9S, EV 81.2 MPH)
Batting: SHB Jason Hayes 0-0: Foul Ball, location: 2F
0-1: Fly out, F8 (Flyball, 8LD, EV 100.0 MPH)
Top of the 2nd over - 1 run, 3 hits, 0 errors, 2 left on base; Baltimore 4 - Cleveland 2
BOTTOM OF THE 2ND
Cleveland Indians batting - Pitching for Baltimore Orioles : RHP Gavin Nelson
Batting: RHB Drtian Thaqi 0-0: Ball
1-0: SINGLE (Line Drive, 4D, EV 99.4 MPH)
Batting: RHB Danny Millsaps 0-0: Ball
1-0: Swinging Strike
1-1: Sac Bunt to 25 - play at first, batter OUT! 5-3
Drtian Thaqi to second
Batting: LHB Arvin Dungca 0-0: Fly out, F7 (Flyball, 7S, EV 95.6 MPH)
Batting: LHB Hector Pedroso 0-0: Ball
1-0: Swinging Strike
1-1: Ball
2-1: Called Strike
2-2: Foul Ball, location: 2F
2-2: Ball
3-2: Base on Balls
Batting: LHB Danny Dunham 0-0: Hit by Pitch
Drtian Thaqi to third
Hector Pedroso to second
Batting: RHB Shigem Kubo 0-0: Called Strike
0-1: DOUBLE (Line Drive, 89D, EV 101.2 MPH)
Drtian Thaqi scores
Hector Pedroso scores
Danny Dunham to third
Batting: LHB Kyle Schaible 0-0: Ground out U3 (Groundball, 3L, EV 79.4 MPH)
Bottom of the 2nd over - 2 runs, 2 hits, 0 errors, 2 left on base; Baltimore 4 - Cleveland 4
TOP OF THE 3RD
Baltimore Orioles batting - Pitching for Cleveland Indians : RHP Apostolos Tsatsos
Batting: LHB Paul Diaz 0-0: Swinging Strike
0-1: Ball
1-1: Foul Ball, location: 2F
1-2: Strikes out swinging
Batting: LHB Gabe Pace 0-0: Ball
1-0: Ball
2-0: Bunt for hit to 13 - play at first, batter safe!
Batting: RHB Ruben Garza 0-0: Grounds into double play, 4-6-3 (Groundball, 4, EV 80.0 MPH)
Top of the 3rd over - 0 runs, 1 hit, 0 errors, 0 left on base; Baltimore 4 - Cleveland 4
BOTTOM OF THE 3RD
Cleveland Indians batting - Pitching for Baltimore Orioles : RHP Gavin Nelson
Batting: RHB Ji-an Li 0-0: Called Strike
0-1: Swinging Strike
0-2: Ball
1-2: Ground out U3 (Groundball, 3, EV 87.5 MPH)
Batting: RHB Doug Hammertime 0-0: Called Strike
0-1: Foul Ball, location: 2F
0-2: Ball
1-2: Foul Ball, location: 2F
1-2: Ball
2-2: Foul Ball, location: 2F
2-2: SINGLE (Groundball, 6MD, EV 98.8 MPH)
Batting: RHB Drtian Thaqi 0-0: Ball
1-0: Called Strike
1-1: Ball
2-1: Foul Ball, location: 2F
2-2: Foul Ball, location: 2F
2-2: Foul Ball, location: 2F
2-2: Foul Ball, location: 2F
2-2: Fly out, F4 (Popup, 4, EV 75.6 MPH)
Batting: RHB Danny Millsaps 0-0: Called Strike
0-1: Ball
1-1: Ball
2-1: Fielders Choice at 2nd, 6-4 (Groundball, 56, EV 78.1 MPH)
Bottom of the 3rd over - 0 runs, 1 hit, 0 errors, 1 left on base; Baltimore 4 - Cleveland 4
TOP OF THE 4TH
Baltimore Orioles batting - Pitching for Cleveland Indians : RHP Apostolos Tsatsos
Batting: RHB Darwin Mills 0-0: Ground out 6-3 (Groundball, 6, EV 105.6 MPH)
Batting: RHB Orlando Melchor 0-0: Swinging Strike
0-1: Ball
1-1: Foul Ball, location: 2F
1-2: Foul Ball, location: 2F
1-2: Ball
2-2: Strikes out looking
Batting: RHB Rudo Garciaparra 0-0: Ball
1-0: Foul Ball, location: 2F
1-1: Ball
2-1: TRIPLE (Flyball, 9D, EV 101.2 MPH)
Batting: RHB Marc Peckermark 0-0: Ball
1-0: Foul Ball, location: 2F
1-1: Ball
2-1: Ball
3-1: Ground out 6-3 (Groundball, 6M, EV 85.0 MPH)
Top of the 4th over - 0 runs, 1 hit, 0 errors, 1 left on base; Baltimore 4 - Cleveland 4
BOTTOM OF THE 4TH
Cleveland Indians batting - Pitching for Baltimore Orioles : RHP Gavin Nelson
Batting: LHB Arvin Dungca 0-0: Ball
1-0: Ball
2-0: Called Strike
2-1: SINGLE (Groundball, 4D, EV 96.2 MPH)
Batting: LHB Hector Pedroso 0-0: Ball
1-0: Called Strike
1-1: Ball
2-1: Foul Ball, location: 2F
2-2: Foul Ball, location: 2F
2-2: Grounds out, U3 (Groundball, 3L, EV 100.0 MPH)
Batting: LHB Danny Dunham 0-0: Ball
Arvin Dungca steals 3rd base
1-0: Swinging Strike
1-1: Ball
2-1: Fly out, F9 (Flyball, 89M, EV 90.0 MPH)
Runner from 3rd tags up, SCORES, throw by RF
Batting: RHB Shigem Kubo 0-0: Ball
1-0: SINGLE (Line Drive, 4MD, EV 94.4 MPH)
Pitching: RHP Freddie Trainor
Batting: LHB Kyle Schaible 0-0: Ball
Shigem Kubo steals 2nd base
1-0: Ball
2-0: Foul Ball, location: 2F
2-1: Called Strike
2-2: Fly out, F5 (Popup, 5SF, EV 71.2 MPH)
Bottom of the 4th over - 1 run, 2 hits, 0 errors, 1 left on base; Baltimore 4 - Cleveland 5
TOP OF THE 5TH
Baltimore Orioles batting - Pitching for Cleveland Indians : RHP Apostolos Tsatsos
Batting: RHB Saimei Kudo 0-0: SINGLE (Groundball, 6MD, EV 99.4 MPH)
Batting: SHB Jason Hayes Pickoff Throw to First - Error! E1
Saimei Kudo to second
0-0: Ball
1-0: Ground out 4-3 (Groundball, 34, EV 107.5 MPH)
Saimei Kudo to third
Batting: LHB Paul Diaz 0-0: Foul Ball, location: 2F
0-1: 2-RUN HOME RUN (Flyball, 9D, EV 94.4 MPH), Distance : 366 ft
Pitching: RHP Jon Glenn
Batting: LHB Gabe Pace 0-0: Ball
1-0: Ball
2-0: Called Strike
2-1: Bunt for hit to 23 - play at first, batter OUT! 3-4
Batting: RHB Ruben Garza 0-0: Foul Ball, location: 2F
0-1: Ball
1-1: Ball
2-1: Ball
3-1: Swinging Strike
3-2: Strikes out swinging
Top of the 5th over - 2 runs, 2 hits, 1 error, 0 left on base; Baltimore 6 - Cleveland 5
BOTTOM OF THE 5TH
Cleveland Indians batting - Pitching for Baltimore Orioles : RHP Freddie Trainor
Batting: RHB Ji-an Li 0-0: Called Strike
0-1: Foul Ball, location: 2F
0-2: Ball
1-2: Strikes out swinging
Batting: RHB Doug Hammertime 0-0: Called Strike
0-1: Ball
1-1: Ball
2-1: Ball
3-1: Swinging Strike
3-2: Foul Ball, location: 2F
3-2: Foul Ball, location: 2F
3-2: Foul Ball, location: 2F
3-2: Foul Ball, location: 2F
3-2: Ground out 4-3 (Groundball, 4, EV 80.6 MPH)
Batting: RHB Drtian Thaqi 0-0: Ball
1-0: Swinging Strike
1-1: Ball
2-1: Fly out, F8 (Flyball, 89M, EV 96.9 MPH)
Bottom of the 5th over - 0 runs, 0 hits, 0 errors, 0 left on base; Baltimore 6 - Cleveland 5
TOP OF THE 6TH
Baltimore Orioles batting - Pitching for Cleveland Indians : RHP Jon Glenn
Batting: RHB Darwin Mills 0-0: Ball
1-0: Foul Ball, location: 2F
1-1: SINGLE (Groundball, 4, EV 94.4 MPH)
Batting: RHB Orlando Melchor 0-0: Ball
1-0: Swinging Strike
1-1: Foul Ball, location: 2F
1-2: Ball
2-2: Foul Ball, location: 2F
2-2: Strikes out swinging
Batting: RHB Rudo Garciaparra 0-0: Ball
1-0: Called Strike
1-1: Foul Ball, location: 2F
1-2: DOUBLE (Groundball, 5D, EV 106.2 MPH)
Darwin Mills to third
Batting: RHB Marc Peckermark 0-0: Called Strike
0-1: Called Strike
0-2: Strikes out swinging
Batting: RHB Saimei Kudo 0-0: Ball
1-0: Foul Ball, location: 2F
1-1: Foul Ball, location: 2F
1-2: Ball
2-2: Ball
3-2: Foul Ball, location: 2F
3-2: Foul Ball, location: 2F
3-2: 3-RUN HOME RUN (Line Drive, 78XD, EV 110.0 MPH), Distance : 422 ft
Pitching: LHP Andy Gaiser
Batting: SHB Jason Hayes 0-0: Ball
1-0: Ball
2-0: Ball
3-0: Called Strike
3-1: Base on Balls
Batting: LHB Paul Diaz 0-0: Ball
1-0: Ball
2-0: Ball
3-0: Called Strike
3-1: Called Strike
3-2: Ground out 1-3 (Groundball, 13S, EV 63.8 MPH)
Top of the 6th over - 3 runs, 3 hits, 0 errors, 1 left on base; Baltimore 9 - Cleveland 5
BOTTOM OF THE 6TH
Cleveland Indians batting - Pitching for Baltimore Orioles : RHP Freddie Trainor
Batting: RHB Danny Millsaps 0-0: Foul Ball, location: 2F
0-1: Ball
1-1: Ball
2-1: Foul Ball, location: 2F
2-2: Ground out 6-3 (Groundball, 6, EV 91.2 MPH)
Batting: LHB Arvin Dungca 0-0: Ball
1-0: Ball
2-0: Ball
3-0: Called Strike
3-1: Swinging Strike
3-2: Foul Ball, location: 2F
3-2: Strikes out swinging
Batting: LHB Hector Pedroso 0-0: Ground out 6-3 (Groundball, 6M, EV 98.8 MPH)
Bottom of the 6th over - 0 runs, 0 hits, 0 errors, 0 left on base; Baltimore 9 - Cleveland 5
TOP OF THE 7TH
Baltimore Orioles batting - Pitching for Cleveland Indians : LHP Andy Gaiser
Pitching: RHP Chris Anderson
Batting: LHB Gabe Pace 0-0: Swinging Strike
0-1: Ball
1-1: Swinging Strike
1-2: Strikes out swinging
Batting: RHB Ruben Garza 0-0: Ball
1-0: Swinging Strike
1-1: Ball
2-1: SINGLE (Groundball, 6MD, EV 106.9 MPH)
Batting: RHB Darwin Mills 0-0: Called Strike
Ruben Garza steals 2nd base
0-1: Foul Ball, location: 2F
0-2: Strikes out swinging
Batting: RHB Orlando Melchor 0-0: Foul Ball, location: 2F
0-1: Foul Ball, location: 2F
0-2: Ball
1-2: Foul Ball, location: 2F
1-2: Foul Ball, location: 2F
1-2: SINGLE (Line Drive, 78S, EV 97.5 MPH)
Ruben Garza to third
Runner from 3rd tries for Home, throw by LF and OUT! 7-2
Top of the 7th over - 0 runs, 2 hits, 0 errors, 1 left on base; Baltimore 9 - Cleveland 5
BOTTOM OF THE 7TH
Cleveland Indians batting - Pitching for Baltimore Orioles : RHP Freddie Trainor
Pitching: RHP Chris Dauphin
Batting: LHB Danny Dunham 0-0: Ball
1-0: Ground out 4-3 (Groundball, 34, EV 90.6 MPH)
Batting: RHB Shigem Kubo 0-0: Ball
1-0: Foul Ball, location: 2F
1-1: Swinging Strike
1-2: Ball
2-2: Strikes out swinging
Batting: LHB Kyle Schaible 0-0: Foul Ball, location: 2F
0-1: Ball
1-1: Swinging Strike
1-2: Foul Ball, location: 2F
1-2: Ball
2-2: Strikes out swinging
Bottom of the 7th over - 0 runs, 0 hits, 0 errors, 0 left on base; Baltimore 9 - Cleveland 5
TOP OF THE 8TH
Baltimore Orioles batting - Pitching for Cleveland Indians : RHP Chris Anderson
Pitching: RHP Jorge Reyes
Batting: RHB Rudo Garciaparra 0-0: Ball
1-0: Ball
2-0: Called Strike
2-1: Ball
3-1: Foul Ball, location: 2F
3-2: Foul Ball, location: 2F
3-2: Base on Balls
Batting: RHB Marc Peckermark 0-0: Sac Bunt to P - play at first, batter OUT! 1-3
Rudo Garciaparra to second
Batting: RHB Saimei Kudo 0-0: Ball
1-0: Ground out 5-3 (Groundball, 56S, EV 88.1 MPH)
Batting: SHB Jason Hayes 0-0: Ball
1-0: Called Strike
1-1: Fly out, F7 (Line Drive, 7, EV 94.4 MPH)
Top of the 8th over - 0 runs, 0 hits, 0 errors, 1 left on base; Baltimore 9 - Cleveland 5
BOTTOM OF THE 8TH
Cleveland Indians batting - Pitching for Baltimore Orioles : RHP Chris Dauphin
Pitching: RHP Jay Rapini
Batting: RHB Ji-an Li 0-0: Ball
1-0: Called Strike
1-1: Ground out 6-3 (Groundball, 6, EV 96.9 MPH)
Batting: RHB Doug Hammertime 0-0: Called Strike
0-1: Ball
1-1: Ball
2-1: SINGLE (Groundball, 4M, EV 110.6 MPH) (infield hit)
Batting: RHB Drtian Thaqi 0-0: Ball
1-0: Grounds into double play, 6-4-3 (Groundball, 6, EV 81.9 MPH)
Bottom of the 8th over - 0 runs, 1 hit, 0 errors, 0 left on base; Baltimore 9 - Cleveland 5
TOP OF THE 9TH
Baltimore Orioles batting - Pitching for Cleveland Indians : RHP Jorge Reyes
Batting: LHB Paul Diaz 0-0: Foul Ball, location: 2F
0-1: Ball
1-1: DOUBLE (Groundball, 3L, EV 101.9 MPH)
Batting: LHB Gabe Pace 0-0: Swinging Strike
0-1: Ball
1-1: Ball
2-1: Foul Ball, location: 2F
2-2: Strikes out swinging
Batting: RHB Ruben Garza 0-0: Ball
1-0: Called Strike
1-1: Reached on error, E2 (Groundball, 15S, EV 68.8 MPH)
Paul Diaz to third
Batting: RHB Darwin Mills 0-0: Ball
1-0: Ball
2-0: Ball
3-0: Fly out, F7 (Flyball, 7, EV 81.2 MPH)
Runner from 3rd tags up, SCORES, no throw by LF
Batting: RHB Orlando Melchor 0-0: Ball
1-0: Ball
2-0: Ball
3-0: Called Strike
3-1: Base on Balls
Ruben Garza to second
Batting: RHB Rudo Garciaparra 0-0: Ball
1-0: Foul Ball, location: 2F
1-1: Ball
2-1: Ball
3-1: Base on Balls
Ruben Garza to third
Orlando Melchor to second
Batting: RHB Marc Peckermark 0-0: Called Strike
0-1: Swinging Strike
0-2: Ball
1-2: Ball
2-2: Foul Ball, location: 2F
2-2: Ball
3-2: Strikes out swinging
Top of the 9th over - 1 run, 1 hit, 1 error, 3 left on base; Baltimore 10 - Cleveland 5
BOTTOM OF THE 9TH
Cleveland Indians batting - Pitching for Baltimore Orioles : RHP Jay Rapini
Batting: RHB Danny Millsaps 0-0: Called Strike
0-1: Ball
1-1: Swinging Strike
1-2: Strikes out swinging
Batting: LHB Arvin Dungca 0-0: Ball
1-0: Foul Ball, location: 2F
1-1: Foul Ball, location: 2F
1-2: Foul Ball, location: 2F
1-2: Ball
2-2: Foul Ball, location: 2F
2-2: Ball
3-2: SINGLE (Line Drive, 34D, EV 95.0 MPH)
Batting: LHB Hector Pedroso 0-0: Called Strike
0-1: Ball
1-1: Swinging Strike
1-2: Foul Ball, location: 2F
1-2: Fly out, F9 (Flyball, 9LS, EV 91.2 MPH)
Batting: LHB Danny Dunham 0-0: DOUBLE (Groundball, 3L, EV 106.2 MPH)
Arvin Dungca to third
Batting: RHB Shigem Kubo 0-0: Ball
1-0: Ball
2-0: Ground out 4-3 (Groundball, 4, EV 92.5 MPH)
Bottom of the 9th over - 0 runs, 2 hits, 0 errors, 2 left on base; Baltimore 10 - Cleveland 5
Wednesday, June 22nd , 2022 - OOTP Baseball 23.4 Build 64